 Dungeon Crawl Stone Soup version 0.28-a0-537-g3bccd9ccbf (webtiles) character file.

Game seed: 11093082319393000265

33569 lunkers the Brawler (level 13, -1/135 HPs)
             Began as a Troll Cinder Acolyte on Sept 27, 2021.
             Was a High Priest of Ignis.
             Killed from afar by an ice statue (5 damage)
             ... with a bolt of cold
             ... in an ice cave.
             The game lasted 00:26:19 (13690 turns).

lunkers the Brawler (Troll Cinder Acolyte)         Turns: 13690, Time: 00:26:19

Health: -1/135     AC: 10    Str: 27    XL:     13   Next: 37%
Magic:  0/13       EV:  8    Int: 10    God:    Ignis [*****.]
Gold:   892        SH:  9    Dex:  7    Spells: 14/14 levels left

rFire   + . .      SeeInvis .     - Unarmed
rCold   . . .      Faith    .   C - +0 kite shield
rNeg    . . .      Spirit   +   m - +0 troll leather armour
rPois   .          Reflect  .   (helmet restricted)
rElec   .          Harm     .   V - scarf {repulsion}
rCorr   .          Rampage  .   (gloves unavailable)
Will    +....                   (boots unavailable)
Stlth   +.........              v - amulet of guardian spirit
HPRegen 2.32/turn               w - ring of willpower
MPRegen 0.13/turn               t - +4 ring of protection

@: repel missiles
A: large, unfitting armour, claws 3, regeneration 1, shaggy fur 1, tough skin 1
a: Renounce Religion, Sea of Fire, Foxfire Swarm, Rising Flame


You were in an ice cave.
You worshipped Ignis.
Ignis was extremely pleased with you.
You visited 2 branches of the dungeon, and saw 15 of its levels.
You also visited: Ossuary and Ice Cave.

You collected 892 gold pieces.

Inventory:

Missiles
 M - 15 large rocks
 Q - a curare-tipped dart
 R - 23 poisoned darts
 T - 8 boomerangs (quivered)
 U - 11 javelins
Armour
 m - a +0 troll leather armour (worn)
 u - the +0 cloak of Dishonesty {rC- Will+ MP-9 Str+5}
   (You found it in an ice cave)

   Str:       It affects your strength (+5).
   rC:        It makes you vulnerable to cold.
   MP:        It affects your magic capacity (-9).
   Will:      It increases your willpower.
 y - a +1 tower shield
 C - a +0 kite shield (worn)
 E - a +0 cloak
 V - a scarf of repulsion (worn)
Jewellery
 k - a ring of see invisible
 t - a +4 ring of protection (right claw)
 v - an amulet of guardian spirit (around neck)
 w - a ring of willpower (left claw)
 A - the ring of Nycio {Fire Will+ rCorr Dex-5}
   (You found it on level 1 of the Lair of Beasts)

   [ring of fire]

   It enhances your fire magic.
   Dex:       It affects your dexterity (-5).
   rF:        It protects you from fire.
   rC:        It makes you vulnerable to cold.
   rCorr:     It protects you from acid and corrosion.
   Will:      It increases your willpower.
 F - an amulet of regeneration
 J - a +6 ring of dexterity
 N - a ring of wizardry
 P - a ring of ice
Wands
 d - a wand of charming (11)
 q - a wand of iceblast (3)
 B - a wand of polymorph (5)
 D - a wand of paralysis (18)
 S - a wand of flame (17)
Scrolls
 b - 7 scrolls of teleportation
 g - 5 scrolls of magic mapping
 i - a scroll of holy word
 l - 6 scrolls of fog
 r - 2 scrolls of enchant armour
 G - 2 scrolls of enchant weapon
 H - a scroll of brand weapon
Potions
 c - a potion of ambrosia
 e - 4 potions of flight
 f - a potion of brilliance
 h - 5 potions of haste
 j - 6 potions of attraction
 n - 4 potions of might
 o - 8 potions of curing
 p - a potion of berserk rage
 s - 3 potions of invisibility
 x - a potion of heal wounds
 z - 3 potions of lignification
 I - a potion of resistance
 O - a potion of mutation
Miscellaneous
 a - a phantom mirror
 K - a phial of floods
 L - a box of beasts


   Skills:
 + Level 10.5 Fighting
 + Level 2.7 Throwing
 + Level 8.4 Shields
 * Level 16.9 Unarmed Combat
 - Level 1.0 Spellcasting
 - Level 2.1 Fire Magic


You had 14 spell levels left.
You didn't know any spells.
Your spell library contained the following spells:

 Spells                   Type           Power      Damage    Failure   Level
 Scorch                   Fire           8%         2d5       26%         2
 Animate Skeleton         Necr           0%         N/A       41%         1
 Apportation              Tloc           0%         N/A       41%         1
 Beastly Appendage        Tmut           0%         N/A       41%         1
 Freeze                   Ice            0%         1d3       41%         1
 Summon Small Mammal      Summ           0%         N/A       41%         1
 Corpse Rot               Necr/Air       N/A        N/A       54%         2
 Poisonous Vapours        Pois/Air       0%         N/A       54%         2
 Wereblood                Tmut           0%         N/A       54%         2
 Ignite Poison            Fire/Tmut/Pois 1%         N/A       69%         3
 Frozen Ramparts          Ice            0%         1d2       78%         3
 Gell's Gravitas          Tloc           0%         N/A       78%         3
 Ozocubu's Armour         Ice            0%         N/A       78%         3
 Spider Form              Tmut/Pois      0%         N/A       78%         3
 Teleport Other           Tloc           0%         N/A       78%         3
 Flame Wave               Conj/Fire      2%         3d3       95%         4
 Animate Armour           Summ/Erth      0%         N/A       99%         4
 Hailstorm                Conj/Ice       0%         3d3       99%         4
 Blade Hands              Tmut           0%         N/A       100%        5
 Dispersal                Tloc           0%         N/A       100%        6
 Iron Shot                Conj/Erth      0%         9d1       100%        6
 Summon Cactus Giant      Summ           0%         N/A       100%        6
 Ozocubu's Refrigeration  Ice            0%         4d5       100%        7


Dungeon Overview and Level Annotations

Branches:
Dungeon (12/15)            Temple (0/1) D:4            Lair (3/6) D:11
  Snake (0/4) Lair:2          Orc (0/2) D:11        Ossuary (visited)
  IceCv (1/1)
  Swamp: Lair:2-4    Shoals: Lair:2-4

Altars:
Cheibriados
Gozag
Hepliaklqana
Makhleb
Nemelex Xobeh
Okawaru
Qazlal
Ru
Sif Muna
Trog
Vehumet
The Shining One

Shops:
D:9 [

Annotations:
D:10 1 runed translucent door IceCv 1 transporter, exclusion: 2 ice statues


Innate Abilities, Weirdness & Mutations

You are too large for most types of armour.
You have claws for hands.
Your natural rate of healing is unusually fast.
You are covered in fur. (AC +1)
You have tough skin. (AC +1)


Message History

You enter the transporter and appear at another place.
The white ugly thing bites you! The white ugly thing freezes you!
Press: ? - help, v - describe, . - travel, g - get item Item here: a smoking cloak.
The floor.
The ice statue gestures at you.
The freezing blast engulfs you but does no damage.
The white ugly thing is engulfed in freezing vapours.
The white ugly thing closely misses you.
You are engulfed in freezing vapours.
The ice statue gestures at you. The freezing blast engulfs you!
The ice statue gestures.
The white ugly thing is engulfed in freezing vapours.
The white ugly thing bites you. The white ugly thing freezes you!!
* * * LOW HITPOINT WARNING * * *
You are engulfed in freezing vapours.
* * * LOW HITPOINT WARNING * * *
The ice statue gestures.
The ice statue gestures at you. The bolt of cold misses you.
The white ugly thing is engulfed in freezing vapours.
You see here the +0 cloak of Dishonesty {rC- Will+ MP-9 Str+5}.
u - the +0 cloak of Dishonesty {rC- Will+ MP-9 Str+5} You are engulfed in freezing vapours.
* * * LOW MAGIC WARNING * * *
* * * LOW HITPOINT WARNING * * *
The ice statue gestures at you. The freezing blast engulfs you!!
* * * LOW MAGIC WARNING * * *
* * * LOW HITPOINT WARNING * * *
The ice statue gestures.
The white ugly thing is engulfed in freezing vapours.
You block the white ugly thing's attack.
Okay, then.
You are engulfed in freezing vapours.
* * * LOW HITPOINT WARNING * * *
The ice statue gestures.
The ice statue gestures at you.
The bolt of cold hits the ice beast.
The ice beast completely resists.
The bolt of cold hits you.
You die...

###############
#©..8○☼○☼Y8☼.∩#
#....YY○☼Y☼☼..#
##8..○.u@☼○○8##
##8..☼°○..8##
##8○°©..8##
###########
##...8©8...##
#...[.©.....#
##.....[(....##
#......(......#
#....8...8....#


You could see 2 ice statues, a white ugly thing and 4 ice beasts.

Vanquished Creatures
  Fannar (Lair:2)
  A boulder beetle (D:11)
  A catoblepas (D:9)
  5 two-headed ogres
  A tengu warrior (D:11)
  Urug (Lair:2)
  2 lindwurms (Lair:1)
  A wizard (D:11)
  2 ugly things
  2 deep elf pyromancers
  2 cyclopes (D:11)
  A manticore (D:11)
  4 elephants (Lair:1)
  A cane toad (shapeshifter) (D:11)
  An unseen horror (D:12)
  2 cane toads (Lair:2)
  A gargoyle (D:9)
  A kobold demonologist (D:6)
  A rime drake (Lair:2)
  6 komodo dragons
  A freezing wraith (D:11)
  5 trolls
  A hornet (D:10)
  8 slime creatures
  Sigmund (D:2)
  A centaur simulacrum (D:11)
  A shadow (D:11)
  3 wyverns
  A vampire (D:9)
  28 yaks
  3 wraiths
  2 humans (D:9)
  A basilisk (D:11)
  A fire elemental (Lair:1)
  2 death yak simulacra (IceCv)
  2 wargs (D:6)
  5 nagas (Lair:2)
  5 water moccasins
  An acid dragon (D:7)
  9 orc warriors
  A black bear (D:8)
  2 ice beasts
  2 sky beasts
  A necrophage (D:5)
  5 ogres
  9 centaurs
  3 kobold brigands
  6 bullfrogs
  3 gnoll sergeants
  7 scorpions (D:10)
  3 wyvern zombies
  A cane toad simulacrum (IceCv)
  4 water moccasin zombies (Ossuary)
  A water moccasin skeleton (D:6)
  4 killer bees (D:10)
  An electric eel (Lair:1)
  12 howler monkeys
  3 wights (D:7)
  A crimson imp (D:7)
  12 centaur zombies
  7 bullfrog zombies (Ossuary)
  11 orc priests
  10 hounds
  2 gnoll shamans (D:6)
  2 jellies
  Jessica (D:2)
  A bullfrog skeleton (D:6)
  An iguana (D:5)
  15 orc wizards
  Natasha (D:2)
  8 killer bee zombies
  2 wolf simulacra (IceCv)
  13 mummies
  6 howler monkey zombies
  4 adders
  16 gnolls
  13 white imps
  A worm (D:2)
  4 dart slugs
  24 orcs
  13 ball pythons
  8 endoplasms
  4 giant cockroaches
  9 goblins
  10 hobgoblins
  7 jackals
  4 quokkas
  6 bats
  4 frilled lizards
  A goblin skeleton (D:7)
  2 goblin zombies
  A hobgoblin zombie (D:4)
  4 kobolds
  2 kobold skeletons (D:7)
  A kobold zombie (D:7)
  2 orc skeletons (D:7)
  An orc zombie (D:7)
  2 rats
  A butterfly (D:10)
  A fire vortex (Lair:1)
424 creatures vanquished.

Vanquished Creatures (others)
  5 fungi
  16 plants
  9 toadstools (Lair:1)
  A withered plant (Ossuary)
31 creatures vanquished.

Grand Total: 455 creatures vanquished

Notes
Turn   | Place    | Note
-------+----------+-------------------------------------------
     0 | D:1      | lunkers the Troll Cinder Acolyte began the quest for the
                  | Orb.
     0 | D:1      | Reached XP level 1. HP: 22/22 MP: 1/1
    20 | D:1      | You fall into a shaft and drop 1 floor!
   130 | D:2      | Reached XP level 2. HP: 29/29 MP: 2/2
   193 | D:1      | Reached XP level 3. HP: 34/36 MP: 3/3
   257 | D:1      | Reached skill level 4 in Unarmed Combat
   567 | D:2      | Noticed Sigmund
   595 | D:2      | Killed Sigmund
   596 | D:2      | Reached skill level 5 in Unarmed Combat
   596 | D:2      | Reached XP level 4. HP: 42/46 MP: 4/4
   596 | D:2      | Reached XP level 5. HP: 48/53 MP: 5/5
   745 | D:2      | Noticed Jessica
   751 | D:2      | Killed Jessica
   775 | D:2      | Found a burning altar of Makhleb.
   850 | D:2      | Noticed Natasha
   871 | D:2      | Killed Natasha
   872 | D:2      | Reached XP level 6. HP: 57/62 MP: 6/6
  1179 | D:3      | Found a faded altar of an unknown god.
  1302 | D:3      | Reached skill level 6 in Unarmed Combat
  1455 | D:3      | Found a stormy altar of Qazlal.
  1456 | D:3      | Found an opulent altar of Gozag.
  1456 | D:3      | Found a hazy altar of Hepliaklqana.
  1904 | D:4      | Found a staircase to the Ecumenical Temple.
  2111 | D:4      | Found a sand-covered staircase.
  2120 | Ossuary  | Entered an ossuary
  2147 | Ossuary  | Reached XP level 7. HP: 51/70 MP: 7/7
  2159 | Ossuary  | Reached skill level 7 in Unarmed Combat
  2301 | Ossuary  | Reached skill level 8 in Unarmed Combat
  2327 | Ossuary  | Reached skill level 5 in Fighting
  2331 | Ossuary  | Reached XP level 8. HP: 48/80 MP: 8/8
  2519 | Ossuary  | Reached skill level 9 in Unarmed Combat
  2628 | D:4      | Found a shimmering blue altar of Sif Muna.
  2790 | D:4      | Found a radiant altar of Vehumet.
  3011 | D:5      | Entered Level 5 of the Dungeon
  3737 | D:6      | Reached skill level 10 in Unarmed Combat
  3740 | D:6      | Reached XP level 9. HP: 71/89 MP: 4/9
  3824 | D:6      | Reached skill level 1 in Shields
  3926 | D:6      | Noticed a kobold demonologist
  4341 | D:6      | Reached skill level 11 in Unarmed Combat
  4433 | D:6      | Noticed a smoke demon
  4442 | D:6      | Noticed a soul eater
  4893 | D:6      | Noticed an orange demon
  4916 | D:6      | Killed a kobold demonologist
  4917 | D:6      | Reached XP level 10. HP: 84/102 MP: 8/10
  5234 | D:7      | Reached skill level 12 in Unarmed Combat
  5518 | D:7      | Found a bloodstained altar of Trog.
  5704 | D:7      | Found a glowing golden altar of the Shining One.
  5942 | D:8      | Noticed a two-headed ogre
  5990 | D:8      | HP: 2/102 [two-headed ogre (10)]
  5996 | D:8      | Killed a two-headed ogre
  6436 | D:8      | Noticed a two-headed ogre
  6443 | D:8      | Killed a two-headed ogre
  6444 | D:8      | Reached skill level 13 in Unarmed Combat
  6528 | D:8      | Reached skill level 5 in Shields
  6566 | D:8      | Reached XP level 11. HP: 111/111 MP: 11/11
  6960 | D:9      | You fall into a shaft and drop 3 floors!
  7254 | D:12     | Noticed a deep elf pyromancer
  7265 | D:12     | Killed a deep elf pyromancer
  7557 | D:11     | Reached skill level 14 in Unarmed Combat
  7590 | D:10     | Entered Level 10 of the Dungeon
  7771 | D:9      | Found a sacrificial altar of Ru.
  7795 | D:9      | Found Tegroj's Armour Emporium.
  7984 | D:9      | Noticed a brown ugly thing
  7997 | D:9      | Killed a brown ugly thing
  8213 | D:9      | Noticed a catoblepas
  8228 | D:9      | Killed a catoblepas
  8313 | D:9      | Found an iron altar of Okawaru.
  8328 | D:9      | Reached XP level 12. HP: 109/123 MP: 9/12
  8548 | D:10     | Noticed a two-headed ogre
  8558 | D:10     | Killed a two-headed ogre
  8559 | D:10     | Reached skill level 15 in Unarmed Combat
  8638 | D:10     | Found a runed translucent door.
  8640 | D:10     | Found a runed translucent door.
  8648 | D:10     | Paralysed by a hornet for 1 turns
  9001 | D:10     | Found a snail-covered altar of Cheibriados.
  9064 | D:10     | Found a sparkling altar of Nemelex Xobeh.
  9522 | D:11     | Noticed a two-headed ogre
  9523 | D:11     | Noticed a two-headed ogre
  9547 | D:11     | Killed a two-headed ogre
  9550 | D:11     | Killed a two-headed ogre
  9754 | D:11     | Noticed a boulder beetle
  9796 | D:11     | Killed a boulder beetle
  9797 | D:11     | Reached skill level 16 in Unarmed Combat
  9802 | D:11     | Identified the +2 whip of a wizard's laboratory {venom, rF+
                  | Int+3 Dex+3}
  9834 | D:11     | Got the Guide on Toxins
  9843 | D:11     | Noticed a tengu warrior
  9852 | D:11     | Killed a tengu warrior
  9853 | D:11     | Reached skill level 10 in Fighting
 10086 | D:11     | Found a staircase to the Lair.
 10355 | D:11     | Found a staircase to the Orcish Mines.
 10441 | Lair:1   | Entered Level 1 of the Lair of Beasts
 10774 | Lair:1   | Identified the -4 cloak of Xidgh {rF+ Dex+4 Stlth-}
 10936 | Lair:1   | Found a runed translucent door.
 11412 | Lair:1   | Reached XP level 13. HP: 122/133 MP: 10/13
 11417 | Lair:1   | Reached skill level 1 in Throwing
 11486 | Lair:1   | Identified the ring of Nycio {Fire Will+ rCorr Dex-5}
 11663 | Lair:2   | Noticed Fannar
 11690 | Lair:2   | Killed Fannar
 13010 | Lair:2   | Found a staircase to the Snake Pit.
 13346 | Lair:2   | Noticed Urug
 13357 | Lair:2   | Killed Urug
 13532 | Lair:3   | Found a frozen archway.
 13581 | IceCv    | Entered an ice cave
 13611 | IceCv    | Found a transporter.
 13618 | IceCv    | Found a transporter.
 13688 | IceCv    | Identified the +0 cloak of Dishonesty {rC- Will+ MP-9
                  | Str+5}
 13690 | IceCv    | HP: 1/135 [ice statue] (12)]
 13690 | IceCv    | Killed from afar by an ice statue

Illustrated notes

Levels and vault maps discovered:
D:1:      roderic_chinese_lattice_arrival, layout_rooms, nrook_campfire
D:2:      layout_loops_ring, basic_altar, serial_bayou_lake_a, uniq_sigmund,
          uniq_jessica, uniq_natasha
D:3:      layout_loops_ring, chequers_temple_overflow_statue_of_worship,
          chequers_ecumenical_altar_simple_redux
D:4:      layout_gridville, fiery_altar_vehumet, led_sif_pool,
          minmay_temple_entry_tees, nicolae_ossuary_entry_giza,
          minmay_door_square
D:5:      layout_loops_cross
D:6:      lemuel_castle_with_subvaults [lemuel_castle_interior_carwin_2],
          layout_cave_pools
D:7:      minmay_cornered_nines, layout_cave_pools, kennysheep_mini_moat,
          nicolae_tso_besieged_by_evil
D:8:      layout_gridville
D:9:      minmay_bubble_buster, layout_cross, okawaru_humans,
          nicolae_ru_sacrificial_ziggurat, serial_shops, nicolae_stop_n_shop_1
D:10:     lemuel_insect_pit, layout_small_grid, cheibriados_altar_1,
          mainiacjoe_overflow_paths, grunt_ministairs_2
D:11:     minmay_the_grid_triangle_9x9_recursive_2
          [minmay_the_grid_triangle_9x9_prize_center,
          minmay_the_grid_triangle_9x9_minimal,
          minmay_the_grid_triangle_9x9_warning,
          minmay_the_grid_triangle_9x9_checkered], layout_loops_ring,
          orc_0_dummy, minmay_fractal_squares_5
D:12:     layout_basic
Lair:1:   gammafunk_lair_enchanted_lake, layout_gridlike,
          cheibrodos_lair_caveside_slide, grunt_megastairs_1
Lair:2:   layout_regular_city, minmay_snake_entry_guardpost_medium,
          infiniplex_staircase_pool, serial_bayou_shore_b, uniq_urug,
          uniq_fannar
Lair:3:   layout_roguey, portal_ice_cave_entry_imps, lemuel_fruit_tree,
          grunt_megastairs_3
IceCv:    ice_cave_statue_garden_transporter

Skill      XL: |  1  2  3  4  5  6  7  8  9 10 11 12 13 |
---------------+----------------------------------------+-----
Unarmed Combat | 5 6 8 10 11 13 14 16 | 16.9
Fighting       | 3 4 5 6 7 8 9 10 | 10.5
Shields        | 3 5 6 8 |  8.4
Throwing       | 2 |  2.7
Spellcasting   | |  1.0
Fire Magic     | |  2.1

Action                   |  1- 3 |  4- 6 |  7- 9 | 10-12 | 13-15 || total
-------------------------+-------+-------+-------+-------+-------++-------
Melee: Unarmed           |    83 |   170 |   385 |   741 |   130 ||  1509
       Punch             |       |     2 |     5 |       |       ||     7
Throw: Large rock        |       |       |       |     7 |    11 ||    18
       Boomerang         |       |       |       |       |    27 ||    27
Evoke: Wand              |       |       |       |     1 |       ||     1
  Use: Scroll            |       |       |    19 |    11 |     1 ||    31
Armor: Robe              |    21 |    59 |   133 |    23 |       ||   236
       Troll leather arm |       |       |       |   262 |    54 ||   316
Dodge: Dodged            |    45 |    80 |   112 |   179 |    49 ||   465
       Repelled          |       |       |       |       |     7 ||     7
Block: Tower shield      |       |       |   118 |   374 |       ||   492
       Kite shield       |       |       |       |    88 |    50 ||   138

Table legend: (Time is in decaauts)
 A = Elapsed time spent in this place.
 B = Non-inter-level travel time spent in this place.
 C = Inter-level travel time spent in this place.
 D = Time resting spent in this place.
 E = Time spent auto-exploring this place.
 F = Levels seen in this place.
 G = Mean time per level.
                   A        B        C        D        E       F      G
               +--------+--------+--------+--------+--------+-----+--------+
         Total |  13836 |  12307 |   1529 |    507 |   8425 |  17 |  813.9 |
       Dungeon |  10972 |   9672 |   1300 |    444 |   6531 |  12 |  914.3 |
          Lair |   2311 |   2083 |    228 |      0 |   1704 |   3 |  770.3 |
       Ossuary |    450 |    450 |      0 |      9 |    190 |   1 |  450.0 |
      Ice Cave |    102 |    102 |      0 |     54 |      0 |   1 |  102.0 |
               +--------+--------+--------+--------+--------+-----+--------+

Top non-repeatable levels by time:
     D:6: 1321 daAuts
  Lair:1: 1232 daAuts
    D:11: 1203 daAuts
     D:8: 1145 daAuts
     D:5: 1094 daAuts
  Lair:2: 1036 daAuts
     D:9: 969 daAuts
     D:7: 911 daAuts
    D:10: 834 daAuts
    D:12: 816 daAuts
     D:2: 808 daAuts
     D:4: 772 daAuts
     D:3: 648 daAuts
 Ossuary: 450 daAuts
     D:1: 446 daAuts
